 Dungeon Crawl Stone Soup version 0.29.1-12-g30fa7ad0bf (webtiles) character file.

Game seed: 3224394627478176516

348 kingsuperguy the Cudgeller (level 6, -2/56 HPs)
             Began as a Minotaur Berserker on Dec 21, 2022.
             Was a Priest of Trog.
             Slain by Dowan
             ... wielding a +0 dagger
              (3 damage)
             ... on level 4 of the Dungeon.
             The game lasted 00:03:38 (3901 turns).

kingsuperguy the Cudgeller (Minotaur Berserker)     Turns: 3901, Time: 00:03:38

Health: -2/56      AC:  9    Str: 24    XL:     6   Next: 33%
Magic:  5/5        EV: 11    Int:  4    God:    Trog [***...]
Gold:   232        SH:  0    Dex:  9    Spells: 5/5 levels left

rFire   . . .      SeeInvis .   a - +0 mace
rCold   . . .      Faith    .   (no shield)
rNeg    . . .      Spirit   .   n - +0 ring mail
rPois   +          Reflect  .   (helmet restricted)
rElec   .          Harm     .   l - +2 cloak {rPois}
rCorr   .          Rampage  .   (no gloves)
Will    .....                   (no boots)
Stlth   +.........              (no amulet)
HPRegen 0.18/turn               (no ring)
MPRegen 0.09/turn               (no ring)

@: no status effects
A: horns 2, retaliatory headbutt
a: Renounce Religion, Berserk, Trog's Hand


You were on level 4 of the Dungeon.
You worshipped Trog.
Trog was most pleased with you.
You visited 1 branch of the dungeon, and saw 4 of its levels.

You collected 256 gold pieces.
You spent 24 gold pieces at shops.

Inventory:

Hand Weapons
 a - a +0 mace (weapon)
Missiles
 m - 6 atropa-tipped darts (quivered)
Armour
 b - a +0 animal skin
 g - a +0 leather armour
 l - a +2 cloak of poison resistance (worn)
 n - a +0 ring mail (worn)
Wands
 r - a wand of digging (1)
Scrolls
 c - a scroll of blinking
 d - a scroll of immolation {unknown}
 e - a scroll of identify
 f - a scroll of poison {unknown}
 h - a scroll of magic mapping {unknown}
 i - a scroll of teleportation {unknown}
 k - a scroll of enchant weapon {unknown}
 q - a scroll of summoning {unknown}
Potions
 j - 2 potions of heal wounds
 o - a potion of degeneration {unknown}
 p - 3 potions of curing


   Skills:
 + Level 5.0 Fighting
 + Level 6.6 Maces & Flails
 + Level 3.7 Armour
 + Level 2.9 Dodging
 + Level 1.3 Stealth


You had 5 spell levels left.
You didn't know any spells.
Your spell library was empty.

Dungeon Overview and Level Annotations

Branches:
Dungeon (4/15)
 Temple: D:4-7

Altars:
Cheibriados
Dithmenos
Gozag
Nemelex Xobeh
Wu Jian

Shops:
D:2 ?

Annotations:
D:4 Dowan, Duvessa


Innate Abilities, Weirdness & Mutations

You have a pair of horns on your head.
You reflexively headbutt those who attack you in melee.


Message History

Dowan blinks!
Duvessa hits you with a +0 short sword.
You hit Duvessa but do no damage. You headbutt Duvessa!
Duvessa is heavily wounded.
Duvessa misses you. You furiously retaliate!
You headbutt Duvessa, but do no damage. You closely miss Duvessa.
Duvessa is heavily wounded.
Dowan hits you but does no damage. Duvessa hits you but does no damage.
You hit Duvessa but do no damage. You punch Duvessa, but do no damage.
Duvessa is heavily wounded.
Dowan points at Duvessa and mumbles some strange words.
Duvessa seems to speed up.
Duvessa hits you with a +0 short sword.
You hit Duvessa.
Duvessa is heavily wounded.
Duvessa misses you. Dowan hits you but does no damage.
Duvessa hits you with a +0 short sword.
You sock Duvessa!
Duvessa is severely wounded.
Dowan closely misses you. Duvessa hits you with a +0 short sword!
You hit Duvessa but do no damage. Your headbutt misses Duvessa.
Duvessa is severely wounded.
Duvessa drinks a potion.
Duvessa is healed!
Dowan hits you with a +0 dagger. Duvessa hits you with a +0 short sword!
You hit Duvessa. You headbutt Duvessa, but do no damage.
Duvessa is lightly wounded.
Duvessa barely misses you. You furiously retaliate!
You headbutt Duvessa, but do no damage. Dowan barely misses you.
You furiously retaliate!
You headbutt Dowan, but do no damage. You hit Duvessa.
Duvessa is lightly wounded.
Duvessa hits you with a +0 short sword.
* * * LOW HITPOINT WARNING * * *
Dowan hits you but does no damage. Duvessa hits you with a +0 short sword!
* * * LOW HITPOINT WARNING * * *
You sock Duvessa!
Duvessa is moderately wounded.
Duvessa hits you with a +0 short sword.
* * * LOW HITPOINT WARNING * * *
Dowan hits you with a +0 dagger.
You die...

#.## #.## ##.# #### #.##
....# ##.## ....#
#..############....#
##...##............#
#...........e..(..#
##..........@e....#
#.....####.......#
##....####.........
##..................
##..............!....
####..................##
#.#....################
#...### #...#


You could see Duvessa (fast) and Dowan.

Vanquished Creatures
  A scorpion (D:4)
  A hound (D:3)
  Crazy Yiuf (D:2)
  2 iguanas
  Robin (D:4)
  4 gnolls (D:4)
  5 adders
  2 worms (D:2)
  9 ball pythons
  9 endoplasms
  A giant cockroach (D:1)
  18 goblins
  8 hobgoblins
  4 jackals (D:2)
  A bat (D:2)
  4 frilled lizards
  7 kobolds
  7 rats
85 creatures vanquished.

Notes
Turn   | Place    | Note
-------+----------+-------------------------------------------
     0 | D:1      | kingsuperguy the Minotaur Berserker began the quest for the
                  | Orb.
     0 | D:1      | Reached XP level 1. HP: 19/19 MP: 0/0
    54 | D:1      | Reached skill level 4 in Maces & Flails
    54 | D:1      | Reached XP level 2. HP: 20/27 MP: 1/1
  1001 | D:2      | Reached ** piety under Trog
  1005 | D:2      | Reached XP level 3. HP: 25/33 MP: 2/2
  1398 | D:2      | Found Femuasin's Magic Scroll Boutique.
  1406 | D:2      | Bought a scroll of identify for 24 gold pieces
  1524 | D:2      | Found a runed translucent door.
  1525 | D:2      | Noticed Crazy Yiuf
  1724 | D:2      | Found a faded altar of an unknown god.
  1733 | D:2      | Reached XP level 4. HP: 38/41 MP: 3/3
  1752 | D:2      | Found a sparkling altar of Nemelex Xobeh.
  2091 | D:2      | Killed Crazy Yiuf
  2092 | D:2      | Reached skill level 5 in Maces & Flails
  2337 | D:3      | Found an ornate altar of the Wu Jian Council.
  2512 | D:3      | Reached XP level 5. HP: 29/47 MP: 4/4
  2761 | D:3      | Reached skill level 1 in Stealth
  2954 | D:4      | Reached skill level 6 in Maces & Flails
  3459 | D:4      | Found a shadowy altar of Dithmenos.
  3557 | D:4      | Found a snail-covered altar of Cheibriados.
  3557 | D:4      | Found an opulent altar of Gozag.
  3599 | D:4      | Reached skill level 5 in Fighting
  3599 | D:4      | Reached XP level 6. HP: 52/56 MP: 5/5
  3619 | D:4      | Noticed Robin
  3621 | D:4      | Reached *** piety under Trog
  3667 | D:4      | Killed Robin
  3885 | D:4      | Noticed Duvessa
  3888 | D:4      | Noticed Dowan
  3901 | D:4      | HP: 1/56 [Duvessa/+0 short sword (5)]
  3901 | D:4      | Slain by Dowan

Illustrated notes

Levels and vault maps discovered:
D:1:      lightli_arrival_noodles, layout_basic
D:2:      layout_basic, ebering_ecumenical_altar_sacrificial, serial_shops,
          shop, basic_altar, uniq_crazy_yiuf_cottage
D:3:      layout_basic, amcnicky_altar_gilded, hangedman_decor_points
D:4:      layout_layer_cave, lemuel_coloured_pillars_altar,
          grunt_dithmenos_smoke_and_mirrors, mainiacjoe_overflow_brackets,
          gammafunk_temple_overflow_wave, nicolae_overflow_crystal_walls,
          uniq_natasha, uniq_duvessa, uniq_pikel, uniq_robin

Skill      XL: |  1  2  3  4  5 |
---------------+----------------+-----
Maces & Flails | 4 5 6 |  6.6
Fighting       | 4 5 |  5.0
Armour         | 3 |  3.7
Stealth        | 1 |  1.3
Dodging        | |  2.9

Action                   |  1- 3 |  4- 6 || total
-------------------------+-------+-------++-------
Melee: Mace              |    82 |   119 ||   201
       Headbutt          |    10 |    18 ||    28
       Punch             |       |     1 ||     1
Invok: Berserk           |       |     1 ||     1
  Use: Scroll            |     2 |     2 ||     4
 Stab: Sleeping          |     1 |       ||     1
Armor: Animal skin       |     4 |       ||     4
       Leather armour    |    16 |     6 ||    22
       Ring mail         |       |    57 ||    57
Dodge: Dodged            |    47 |    86 ||   133
